 Dungeon Crawl Stone Soup version 0.20-a0-1114-g33edf32 (webtiles) character file.

128366 kuniqs the Thaumaturge (level 17, -9/112 HPs)
             Began as a Gnoll Earth Elementalist on May 7, 2017.
             Was the Champion of Hepliaklqana.
             Mangled by a bone dragon (23 damage)
             ... on level 3 of the Abyss.
             The game lasted 01:20:50 (26057 turns).

kuniqs the Thaumaturge (Gnoll Earth Elementalist)  Turns: 26057, Time: 01:20:50

Health: -9/112     AC: 14    Str:  7    XL:     17   Next: 3%
Magic:  44/51      EV: 21    Int: 27    God:    Hepliaklqana [******]
Gold:   1361       SH:  7    Dex: 23    Spells: 2/38 levels left

rFire    + . .     SeeInvis +   E - +6 rapier of Dust {flame, rPois rF+ rC+ Dex+5}
rCold    + + +     Gourm    .   W - +1 buckler {reflect}
rNeg     . . .     Faith    .   l - +4 robe "Essu" {rC+ SInv}
rPois    +         Spirit   .   U - +3 hat of Pondering {ponderous, MR+ MP+10 Int+5}
rElec    .         Reflect  +   B - +1 cloak
rCorr    .         Harm     .   j - +0 pair of gloves
MR       +....                  N - +1 pair of boots {Fly}
Stlth    ++++......             n - amulet of magic regeneration
Regen    0.3/turn               Z - ring of Teugiuz {Wiz rC+ Dex+3}
MPRegen  0.5/turn               C - ring of magical power

@: flying, slow
A: short attention span, reduced essence, fangs 1, strong nose
a: Recall Ancestor, Ancestor Identity, Transference, Idealise, Renounce
Religion, Stop Flying


You were on level 3 of the Abyss.
You worshipped Hepliaklqana.
Hepliaklqana was exalted by your worship.
You were very hungry.

You visited 5 branches of the dungeon, and saw 27 of its levels.
You visited the Abyss 1 time.
You also visited: Ossuary and Bailey.

You collected 2785 gold pieces.
You spent 1424 gold pieces at shops.

Inventory:

Hand Weapons
 E - the +6 rapier of Dust (weapon) {flame, rPois rF+ rC+ Dex+5}
   (You found it on level 5 of the Dungeon)

   It has been specially enchanted to burn those struck by it, causing extra
   injury to most foes and up to half again as much damage against particularly
   susceptible opponents.
   It affects your dexterity (+5).
   It protects you from fire.
   It protects you from cold.
   It protects you from poison.
 O - the cursed +3 falchion of the Candelabrum {freeze, rElec rC+ rN++}
   (You found it on level 11 of the Dungeon)

   It has been specially enchanted to freeze those struck by it, causing extra
   injury to most foes and up to half again as much damage against particularly
   susceptible opponents.
   It can also slow down cold-blooded creatures.
   It protects you from cold.
   It insulates you from electricity.
   It greatly protects you from negative energy.
   It has a curse placed upon it.
Missiles
 b - 755 stones (quivered)
Armour
 j - a +0 pair of gloves (worn)
 l - the +4 robe "Essu" (worn) {rC+ SInv}
   (You found it on level 3 of the Lair of Beasts)

   It protects you from cold.
   It lets you see invisible.
 B - a +1 cloak (worn)
 N - a +1 pair of boots of flying (worn)
 U - the +3 hat of Pondering (worn) {ponderous, MR+ MP+10 Int+5}
   (You took it off Gastronok on level 2 of the Lair of Beasts)

   It affects your intelligence (+5).
   It affects your resistance to hostile enchantments.
   It affects your magic capacity (+10).
 W - a +1 buckler of reflection (worn)
Magical Staves
 c - an uncursed staff of energy
Jewellery
 n - an amulet of magic regeneration (around neck)
 C - a ring of magical power (right hand)
 F - an uncursed ring of protection from fire
 Z - the ring of Teugiuz (left hand) {Wiz rC+ Dex+3}
   (You bought it in a shop on level 2 of the Orcish Mines)

   [ring of wizardry]

   It improves your spell success rate.
   It affects your dexterity (+3).
   It protects you from cold.
Wands
 u - a wand of acid (6/15)
 P - a wand of paralysis (21/24)
 S - a wand of polymorph (12/24)
Scrolls
 a - 7 scrolls of identify {@r1}
 g - 5 scrolls of enchant armour
 h - 16 scrolls of remove curse {@r2}
 k - 6 scrolls of amnesia
 m - a scroll of silence
 r - 4 scrolls of enchant weapon
 s - 2 scrolls of fear
 y - a scroll of acquirement
 A - 6 scrolls of teleportation
 G - 3 scrolls of fog
 Q - a scroll of magic mapping
 T - 2 scrolls of summoning
Potions
 i - 2 potions of invisibility
 o - 5 potions of heal wounds
 p - 6 potions of agility
 q - 4 potions of lignification
 w - 4 potions of brilliance
 x - 6 potions of curing {@q1}
 z - a potion of magic
 D - 3 potions of mutation
 J - 2 potions of might
 K - a potion of cancellation
 M - 3 potions of resistance
 X - a potion of berserk rage
Books
 t - the Catalogue of Orientation
   (You found it on level 13 of the Dungeon)

   Spells                             Type                      Level
   a - Shroud of Golubria             Charms/Translocation         2
   b - Gell's Gravitas                Translocation                3
   c - Passage of Golubria            Translocation                4
 v - a book of Clouds

   Spells                             Type                      Level
   a - Poisonous Vapours              Poison/Air                   2
   b - Mephitic Cloud                 Conjuration/Poison/Air       3
   c - Conjure Flame                  Conjuration/Fire             3
   d - Freezing Cloud                 Conjuration/Ice/Air          6
   e - Ring of Flames                 Charms/Fire                  7
Miscellaneous
 R - a box of beasts
Comestibles
 d - 9 bread rations
 e - 12 meat rations
 f - 31 fruits
 Y - 2 royal jellies


   Skills:
 - Level 9.0 Fighting
 - Level 9.2 Dodging
 - Level 8.0 Stealth
 - Level 4.9 Shields
 + Level 11.4 Spellcasting
 - Level 10.1 Conjurations
 - Level 9.1 Hexes
 + Level 9.0 Summonings
 - Level 10.3 Necromancy
 - Level 10.0 Transmutations
 - Level 6.0 Air Magic
 - Level 10.1 Earth Magic
 - Level 6.6 Poison Magic
 - Level 9.2 Invocations
 - Level 9.0 Evocations


You had 2 spell levels left.
You knew the following spells:

 Your Spells              Type           Power        Failure   Level  Hunger
a - Sandblast             Erth           ######       1%          1    None
b - Stone Arrow           Conj/Erth      ######       1%          3    None
c - Lee's Rapid Deconstr  Erth           ######....   1%          5    ###....
d - Petrify               Tmut/Erth      ######..     1%          4    None
e - Confuse               Hex            ######..     1%          3    None
f - Mephitic Cloud        Conj/Pois/Air  ######..     1%          3    None
g - Inner Flame           Hex/Fire       #####...     1%          3    None
h - Bolt of Draining      Conj/Necr      ######....   1%          5    ###....
i - Static Discharge      Conj/Air       ######..     1%          3    None
j - Shadow Creatures      Summ           N/A          6%          6    #####..


Dungeon Overview and Level Annotations

Branches:
Dungeon (15/15)            Temple (1/1) D:4            Lair (6/6) D:9
 Shoals (3/4) Lair:4       Spider (0/4) Lair:4        Slime (0/5) Lair:6
    Orc (2/2) D:12            Elf (0/3) Orc:2        Vaults (0/5) D:14
 Depths (0/5) D:15

Altars:
Ashenzari
Cheibriados
Dithmenos
Elyvilon
Fedhas
Gozag
Hepliaklqana
Kikubaaqudgha
Makhleb
Nemelex Xobeh
Okawaru
Qazlal
Ru
Sif Muna
Trog
Uskayaw
Vehumet
Wu Jian
Xom
Yredelemnul
Zin
The Shining One

Shops:
D:4 (((=   D:6 *   D:12 !   Orc:2 *[:=

Annotations:
D:9 3 runed doors, exclusion: orange crystal statue
D:13 1 runed door
Shoals:3 Louise


Innate Abilities, Weirdness & Mutations

You have a short attention span.
You have very sharp teeth.
Your uncanny sense of smell can sniff out nearby items.
Your life essence is reduced. (-10% HP)


Message History

The bone dragon claws you! The bone dragon tramples you.
* * * LOW HITPOINT WARNING * * *
You hold your ground!
Beem hits the bone dragon with a quarterstaff!
Aim: a bone dragon (lightly damaged)
The stone arrow hits the bone dragon.
You block the bone dragon's attack. The bone dragon claws you.
* * * LOW HITPOINT WARNING * * *
The bone dragon tramples you!
* * * LOW HITPOINT WARNING * * *
You hold your ground!
Beem gestures at the bone dragon while chanting.
The bolt of magma hits the bone dragon.
The bone dragon partially resists.
The bone dragon closely misses you. The bone dragon barely misses you.
You block the bone dragon's attack.
Beem hits the bone dragon with a quarterstaff!!
A hungry ghost comes into view.
You swap places.
The hungry ghost closely misses you. The bone dragon bites you!!
You die...

.. .. .
.#.. # .
.#. ..
#. #. ∆
#.#
.###.
#... #..
#..#W##∆
..#.@D#
# #.#R#∆
. #####
∆ # ∆ #
. #


You could see the friendly beem the battlemage, a bone dragon and a hungry
ghost.

Vanquished Creatures
  A kraken (Shoals:2)
  Roxanne (D:14)
  A merfolk javelineer (Lair:4)
  An ettin (Orc:2)
  Snorg (Orc:1)
  2 ogre magi
  Erolcha (D:9)
  2 centaur warriors (D:14)
  4 hydras
  3 catoblepae (Lair:6)
  A tengu warrior (D:15)
  A merfolk avatar (Shoals:1)
  5 death yaks (Lair:6)
  17 two-headed ogres
  A sun demon (Abyss:3)
  A deep elf knight (D:14)
  A wretched star (Abyss:3)
  A sixfirhy (Abyss:3)
  A deep troll (Orc:2)
  2 sea snakes
  A lindwurm (Lair:6)
  3 deep elf magi (D:14)
  6 ugly things
  9 harpies (Shoals:2)
  An orc sorcerer (Orc:2)
  5 oklob plants
  2 orc knights
  A large abomination (Abyss:3)
  4 fauns
  7 manticores
  2 cyclopes
  2 water nymphs (Shoals:2)
  3 black mambas
  14 elephants
  5 spiny frogs
  8 komodo dragons
  A hellion (Abyss:3)
  A freezing wraith (D:15)
  A redback zombie (D:14)
  A kobold demonologist (D:14)
  2 rime drakes
  4 polar bears
  A tengu conjurer (D:15)
  9 trolls
  5 merfolk
  2 blink frogs (Lair:6)
  A hornet (Lair:2)
  4 snapping turtles (Shoals:2)
  3 dream sheep (Shoals:2)
  6 hippogriffs
  4 slime creatures
  A centaur simulacrum (D:15)
  Sigmund (D:4)
  A wraith (D:13)
  33 yaks
  4 wyverns
  A ynoxinul (Abyss:3)
  A water elemental (Shoals:2)
  A spriggan (D:7)
  A basilisk (Lair:2)
  Edmund (D:4)
  2 wargs
  A soldier ant (D:15)
  9 water moccasins
  4 porcupines
  15 orc warriors
  5 sky beasts
  23 ogres
  7 centaurs
  14 wolves
  10 crocodiles
  2 big kobolds (D:14)
  6 bullfrogs
  2 water moccasin zombies (Ossuary)
  10 scorpions
  A battlemage (Lair:3)
  13 killer bees
  3 wights (D:9)
  2 electric eels (D:11)
  2 howler monkeys
  A crimson imp (D:7)
  2 centaur zombies
  A lava snake (Lair:4)
  A quasit (D:13)
  2 bullfrog zombies (D:13)
  13 orc wizards
  3 centaur skeletons
  A jelly (D:14)
  10 orc priests
  2 hounds
  3 iguanas
  10 worker ants
  A big kobold zombie (Ossuary)
  3 gnolls
  11 adders
  2 shadow imps
  3 oozes
  5 adder zombies (Ossuary)
  2 worms (D:3)
  A dart slug (D:2)
  2 leopard geckos
  47 orcs
  7 bats
  3 giant cockroaches
  3 gnoll zombies (Ossuary)
  6 goblins
  11 hobgoblins
  6 jackals
  24 kobolds
  A quokka (D:5)
  3 ball pythons
  8 frilled lizards
  2 hobgoblin zombies (Ossuary)
  6 kobold zombies (Ossuary)
  5 orc zombies (Ossuary)
  6 rats
  A rat zombie (D:7)
  2 plants (Lair:2)
  2 tentacles (Shoals:2)
564 creatures vanquished.

Vanquished Creatures (collateral kills)
  A tentacled starspawn (Abyss:3)
  Gastronok (Lair:2)
  Nessos (Orc:2)
  A dire elephant (D:15)
  2 ogre magi (Orc:2)
  A death knight (D:15)
  2 hydras
  4 two-headed ogres (Orc:2)
  A catoblepas (Lair:6)
  A death yak (Lair:6)
  Nergalle (D:11)
  Sonja (Lair:1)
  A sixfirhy (Abyss:3)
  A soul eater (D:13)
  2 sea snakes (Shoals:2)
  A deep troll (Orc:2)
  3 harpies (Shoals:2)
  2 orc knights
  A wolf spider zombie (D:15)
  An ugly thing (D:15)
  An oklob plant (Lair:2)
  2 cyclopes (Shoals:2)
  4 manticores
  A centaur zombie (D:13)
  A faun (Shoals:1)
  6 elephants
  A water nymph (Shoals:2)
  A black mamba (Lair:5)
  A merfolk siren (Shoals:2)
  2 centaur skeletons (D:14)
  6 spiny frogs
  A demonic crawler (Lair:4)
  An efreet (Abyss:3)
  A freezing wraith (D:15)
  6 komodo dragons
  A tengu conjurer (D:15)
  4 trolls
  6 merfolk
  2 hornets
  A raiju (Abyss:3)
  2 wind drakes
  2 slime creatures
  2 blink frogs
  2 snapping turtles (Shoals:2)
  3 hippogriffs
  4 water elementals (Shoals:2)
  4 wraiths
  8 yaks
  2 basilisks
  A hungry ghost (D:14)
  3 wargs (Orc:2)
  2 insubstantial wisps (Abyss:3)
  7 water moccasins
  2 porcupines
  A sky beast (D:12)
  6 ogres
  A necrophage (D:9)
  10 wolves
  2 centaurs
  4 crocodiles
  A big kobold (D:9)
  3 bullfrogs
  A wyvern zombie (D:9)
  A scorpion (Lair:4)
  A killer bee (D:8)
  2 electric eels (D:11)
  5 crimson imps
  A bullfrog zombie (D:8)
  5 orc wizards
  A bullfrog skeleton (D:5)
  An orc priest (Orc:2)
  4 hounds
  A jelly (D:10)
  An iguana (D:5)
  5 worker ants
  A hound zombie (D:9)
  2 mummies (Ossuary)
  A worker ant zombie (D:9)
  3 gnolls
  3 adders
  A howler monkey skeleton (D:8)
  A shadow imp (D:14)
  A white imp (D:13)
  10 orcs
  A hobgoblin (Bailey)
  10 kobolds
  A quokka (D:11)
  A quokka zombie (D:7)
  2 plants
  A starspawn tentacle (Abyss:3)
  A tentacle (Shoals:2)
219 creatures vanquished.

Vanquished Creatures (others)
  A cyclops (Orc:2)
  A water elemental (Shoals:2)
  A hydra simulacrum (Abyss:3)
  32 battlemagi
  3 ancestors
  7 fungi
  14 plants
  3 starspawn tentacles (Abyss:3)
  4 tentacles (Shoals:2)
66 creatures vanquished.

Grand Total: 849 creatures vanquished

Notes
Turn   | Place    | Note
-------+----------+-------------------------------------------
     0 | D:1      | kuniqs the Gnoll Earth Elementalist began the quest for the Orb.
     0 | D:1      | Reached XP level 1. HP: 13/13 MP: 5/5
   106 | D:1      | Reached skill level 5 in Earth Magic
   200 | D:1      | Reached skill level 4 in Spellcasting
   200 | D:1      | Reached XP level 2. HP: 7/19 MP: 2/7
   941 | D:2      | Reached XP level 3. HP: 24/24 MP: 6/9
   950 | D:2      | Learned a level 3 spell: Stone Arrow
  1557 | D:2      | Reached skill level 5 in Spellcasting
  1557 | D:2      | Reached XP level 4. HP: 27/30 MP: 11/11
  2102 | D:3      | Reached XP level 5. HP: 32/35 MP: 5/13
  2600 | D:3      | Reached skill level 1 in Conjurations
  3091 | D:4      | Noticed an ogre
  3098 | D:4      | Killed an ogre
  3098 | D:4      | Reached skill level 6 in Spellcasting
  3098 | D:4      | Reached XP level 6. HP: 19/41 MP: 1/15
  3264 | D:4      | Found Ograst's Weapon Shop.
  3385 | D:4      | Found Vojopsof's Weapon Shoppe.
  3406 | D:4      | Found Dum Seitaohi's Jewellery Shop.
  3407 | D:4      | Found Oteafipn's Weapon Shop.
  3506 | D:4      | Found a staircase to the Ecumenical Temple.
  3518 | Temple   | Entered the Ecumenical Temple
  3825 | D:4      | Found an opulent altar of Gozag.
  3982 | D:4      | Noticed Sigmund
  3983 | D:4      | Noticed Edmund
  3991 | D:4      | Killed Sigmund
  4077 | D:4      | Killed Edmund
  4077 | D:4      | Reached skill level 7 in Spellcasting
  4077 | D:4      | Reached skill level 5 in Conjurations
  4077 | D:4      | Reached XP level 7. HP: 46/46 MP: 0/17
  4220 | D:5      | Entered Level 5 of the Dungeon
  4220 | D:5      | Found a hazy altar of Hepliaklqana.
  4283 | D:5      | Got a pitted rapier
  4284 | D:5      | Identified the +6 rapier of Dust {flame, rPois rF+ rC+ Dex+5} (You found it on level 5 of the Dungeon)
  4418 | D:6      | Learned a level 5 spell: Lee's Rapid Deconstruction
  4423 | D:6      | Learned a level 4 spell: Petrify
  4466 | D:5      | Became a worshipper of Hepliaklqana the Forgotten
  4829 | D:5      | Reached XP level 8. HP: 36/46 MP: 19/19
  4963 | D:5      | Found a basalt altar of Yredelemnul.
  5205 | D:6      | Found Nockag's Assorted Antiques.
  5310 | D:6      | Reached * piety under Hepliaklqana
  5482 | D:7      | Found a sand-covered staircase.
  5491 | Ossuary  | Entered an ossuary
  5536 | Ossuary  | Reached skill level 8 in Spellcasting
  5839 | D:7      | Found a flagged portal.
  5846 | D:7      | Got a scorched hand axe
  5849 | Bailey   | Entered a bailey
  6160 | Bailey   | Reached XP level 9. HP: 36/51 MP: 2/21
  6259 | Bailey   | Identified the +12 hand axe of Govux {chop, +Inv} (You found it on level 7 of the Dungeon)
  6339 | D:7      | Found a stormy altar of Qazlal.
  6445 | D:7      | Reached skill level 5 in Transmutations
  6559 | D:7      | Found a glowing silver altar of Zin.
  6806 | D:9      | Noticed a two-headed ogre
  6815 | D:9      | Killed a two-headed ogre
  6815 | D:9      | Reached skill level 9 in Spellcasting
  6943 | D:9      | Found an iron altar of Okawaru.
  6952 | D:9      | Reached ** piety under Hepliaklqana
  6953 | D:9      | Remembered your ancestor beem as a battlemage
  6978 | D:9      | Found a runed door.
  7068 | D:8      | Found a bloodstained altar of Trog.
  7113 | D:8      | Reached XP level 10. HP: 56/56 MP: 23/23
  7295 | D:8      | Noticed a two-headed ogre
  7301 | D:8      | Killed a two-headed ogre
  7493 | D:9      | Found a runed door.
  7515 | D:9      | Noticed Erolcha
  7526 | D:9      | Killed Erolcha
  7557 | D:9      | Found a runed door.
  7568 | D:9      | Found a runed door.
  7658 | D:9      | Found a staircase to the Lair.
  7903 | D:9      | Noticed an orange crystal statue
  7931 | D:10     | Entered Level 10 of the Dungeon
  8116 | D:10     | Reached XP level 11. HP: 51/61 MP: 17/24
  8158 | D:10     | Reached *** piety under Hepliaklqana
  8577 | D:11     | Got a crystal falchion
  8578 | D:11     | Identified the cursed +3 falchion of the Candelabrum {freeze, rElec rC+ rN++} (You found it on level 11 of the Dungeon)
  8666 | D:11     | Reached skill level 10 in Earth Magic
  8820 | D:11     | Noticed a two-headed ogre
  8834 | D:11     | Killed a two-headed ogre
  8910 | D:11     | Noticed Nergalle
  8919 | D:11     | Noticed a spectral orc warlord
  8919 | D:11     | Killed Nergalle
  8919 | D:11     | Reached skill level 10 in Spellcasting
  9288 | D:10     | Reached skill level 1 in Invocations
  9526 | D:10     | Reached skill level 5 in Stealth
  9571 | D:10     | Noticed a purple ugly thing
  9580 | D:10     | Killed a purple ugly thing
  9628 | D:11     | Noticed a green ugly thing
  9638 | D:11     | Killed a green ugly thing
  9638 | D:11     | Reached skill level 10 in Conjurations
  9727 | D:11     | Noticed a two-headed ogre
  9736 | D:11     | Killed a two-headed ogre
  9990 | D:12     | Reached **** piety under Hepliaklqana
 10011 | D:12     | Noticed a manticore
 10016 | D:12     | Killed a manticore
 10018 | D:12     | Reached skill level 5 in Dodging
 10221 | D:12     | Noticed a two-headed ogre
 10228 | D:12     | Killed a two-headed ogre
 10228 | D:12     | Reached skill level 5 in Invocations
 10228 | D:12     | Reached XP level 12. HP: 66/66 MP: 26/26
 10234 | D:12     | Learned a level 3 spell: Confuse
 10412 | D:12     | Found a staircase to the Orcish Mines.
 10566 | D:12     | Identified the cursed +0 ring mail "Dubuimui" {Dex+3} (You found it on level 12 of the Dungeon)
 10612 | D:12     | Found Qosmuasm's Distillery.
 10621 | D:12     | Learned a level 3 spell: Mephitic Cloud
 10626 | D:12     | Bought a potion of agility for 52 gold pieces
 10626 | D:12     | Bought a potion of mutation for 104 gold pieces
 10626 | D:12     | Bought a potion of resistance for 130 gold pieces
 10737 | D:13     | Reached skill level 1 in Fighting
 10737 | D:13     | Reached skill level 1 in Hexes
 10752 | D:13     | Reached skill level 1 in Air Magic
 10752 | D:13     | Reached skill level 1 in Poison Magic
 10795 | D:15     | Entered Level 15 of the Dungeon
 10965 | Lair:1   | Entered Level 1 of the Lair of Beasts
 10985 | Lair:1   | Noticed Sonja
 11006 | Lair:1   | Killed Sonja
 11081 | Lair:1   | Reached ***** piety under Hepliaklqana
 11228 | Lair:1   | Learned a level 3 spell: Inner Flame
 11668 | Lair:2   | Noticed an eight-headed hydra
 11675 | Lair:2   | Killed an eight-headed hydra
 11905 | Lair:2   | Noticed Gastronok
 11935 | Lair:2   | Killed Gastronok
 12282 | Lair:2   | Reached skill level 5 in Poison Magic
 12482 | Lair:2   | Reached skill level 5 in Fighting
 12791 | Lair:2   | Reached skill level 5 in Hexes
 12808 | Lair:2   | Reached XP level 13. HP: 76/81 MP: 4/27
 12876 | Lair:2   | Learned a level 5 spell: Bolt of Draining
 12970 | Lair:2   | Identified a scroll of acquirement
 13061 | Lair:3   | Reached skill level 1 in Necromancy
 13061 | Lair:3   | Reached skill level 5 in Air Magic
 13207 | Lair:3   | Identified the +4 robe "Essu" {rC+ SInv} (You found it on level 3 of the Lair of Beasts)
 14056 | Lair:4   | You fall through a shaft for 2 floors!
 14056 | Lair:6   | Entered Level 6 of the Lair of Beasts
 14259 | Lair:4   | Found a hole to the Spider Nest.
 14271 | Lair:4   | Reached skill level 10 in Transmutations
 14583 | Lair:4   | Reached ****** piety under Hepliaklqana
 14760 | Lair:4   | Noticed a merfolk javelineer
 14772 | Lair:4   | Killed a merfolk javelineer
 14772 | Lair:4   | Reached skill level 5 in Necromancy
 14782 | Lair:4   | Found a staircase to the Shoals.
 15476 | Lair:6   | Reached XP level 14. HP: 92/92 MP: 18/28
 16278 | Lair:6   | Found a staircase to the Slime Pits.
 17327 | Lair:6   | Learned a level 3 spell: Static Discharge
 17864 | D:13     | Identified the Catalogue of Orientation
 18034 | D:13     | Found a white marble altar of Elyvilon.
 18035 | D:13     | Found a runed door.
 18035 | D:13     | Noticed an angel
 18614 | D:14     | Reached XP level 15. HP: 101/101 MP: 29/29
 18859 | D:14     | Noticed Roxanne
 18865 | D:14     | Killed Roxanne
 19376 | D:14     | Reached skill level 10 in Necromancy
 19584 | D:14     | Found a gate to the Vaults.
 19837 | D:15     | Found a staircase to the Depths.
 21067 | Orc:1    | Entered Level 1 of the Orcish Mines
 21116 | D:12     | Reached skill level 5 in Evocations
 21444 | Orc:2    | Entered Level 2 of the Orcish Mines
 21671 | Orc:1    | Noticed Snorg
 21674 | Orc:1    | Killed Snorg
 22070 | Orc:2    | Reached XP level 16. HP: 91/108 MP: 30/30
 22254 | Orc:2    | Learned a level 6 spell: Shadow Creatures
 22287 | Orc:2    | Reached skill level 1 in Summonings
 22414 | Orc:2    | Found Vizeapho's Assorted Antiques.
 22420 | Orc:2    | Found Kuem's Book Shoppe.
 22426 | Orc:2    | Found Perelyu's Antique Armour Boutique.
 22434 | Orc:2    | Found Dide's Jewellery Shop.
 22455 | Orc:2    | Noticed Nessos
 22459 | Orc:2    | Killed Nessos
 22512 | Orc:2    | Bought a pair of glowing boots for 255 gold pieces
 22537 | Orc:2    | Bought an uncursed amulet of magic regeneration for 330 gold pieces
 22537 | Orc:2    | Bought the ring of Teugiuz {Wiz rC+ Dex+3} for 553 gold pieces
 22786 | Orc:2    | Found a staircase to the Elven Halls.
 22887 | Orc:2    | Reached skill level 5 in Summonings
 23348 | Shoals:1 | Entered Level 1 of the Shoals
 23431 | Shoals:1 | Identified the +1 trident of Hozimig {elec, rN+ Int-2 Stlth+} (You found it on level 1 of the Shoals)
 24116 | Shoals:2 | Reached skill level 11 in Spellcasting
 24659 | Shoals:2 | Found a runed door.
 24762 | Shoals:2 | Identified the +7 falchion of Bextoxt {slice, rPois Dex+3} (You found it on level 2 of the Shoals)
 25276 | Shoals:2 | Noticed a kraken
 25283 | Shoals:2 | Killed a kraken
 25516 | Shoals:3 | Noticed Louise
 25517 | Shoals:3 | Cast into level 3 of the Abyss (Louise)
 25561 | Abyss:3  | Found a corrupted altar of Lugonu.
 25651 | Abyss:3  | Noticed a tentacled starspawn
 25658 | Abyss:3  | Killed a tentacled starspawn
 25749 | Abyss:3  | Reached XP level 17. HP: 44/112 MP: 30/32
 26053 | Abyss:3  | Noticed a bone dragon
 26057 | Abyss:3  | Mangled by a bone dragon

Vault maps used:
D:1:      dpeg_arrival_arbitrary_b, moated_statue
D:4:      lemuel_doored_altar, temple_green, serial_shops, shop, shop, shop,
          shop_statue, sigmund_edmund_badplayer
D:5:      nicolae_overflow_hidden_temple, lemuel_coloured_pillars_altar,
          first_bread, serial_column_ruins, column_ruins_hut,
          column_ruins_grid_3, column_ruins_corridor_T, column_ruins_open_small,
          column_ruins_grid_1, column_ruins_grid_1, column_ruins_corridor_T
D:6:      serial_shops, shop, uniq_edmund
D:7:      kennysheep_mini_moat, zin_statuary, enter_ossuary_4, enter_bailey_2,
          the_bakery
D:8:      lemuel_crystal_altar, nrook_mini_backslash, minmay_unpleasant_kobolds
D:9:      okawaru_ov_weapons_minmay, lair_entry_dummy,
          minmay_statue_crystal_thing, uniq_erolcha
D:11:     serial_bayou, serial_bayou_pond_c, serial_bayou_pond_d,
          serial_bayou_pond_a, serial_bayou_lake_a, uniq_nergalle
D:12:     orc_0_dummy, serial_shops, shop
D:13:     kennysheep_demon_hangout, lemuel_angel_altar
D:14:     hangedman_vaults_entry_quadrant_bands, minmay_misc_feat_doors,
          uniq_roxanne
D:15:     hangedman_depths_entry_try_elsewhere_first, serial_co_window_serial,
          co_window_of_opportunity_a, co_window_paths_a, co_window_paths_b,
          co_window_corner_a, co_window_cross_1, co_window_corner_a,
          co_window_paths_a, co_window_paths_b, co_window_of_opportunity_a,
          co_window_of_opportunity_c, co_window_broadway_b, co_window_paths_c,
          co_window_cross_4, co_window_paths_d, glass_columns_a,
          minmay_misc_feat_square
Temple:   regret_index_temple_generic_petals
Lair:1:   lemuel_fruit_fields, uniq_sonja
Lair:2:   lemuel_fruit_tree, minmay_lair_oklob_chamber, uniq_gastronok
Lair:3:   grunt_megastairs_4
Lair:4:   elwin_shoals_entry_rocks, nicolae_spider_entry_non_spiders
Lair:5:   beast_lair_carwin_4, grunt_megastairs_2
Lair:6:   evilmike_catoblepas_cave, minmay_slime_entry_oklob_open,
          nicolae_lair_yak_garden
Shoals:2: lightli_airlock
Shoals:3: overgrown_tower, uniq_donald, uniq_louise, uniq_polyphemus,
          uniq_nikola
Orc:1:    uniq_snorg
Orc:2:    st_orc_open, nicolae_orc_pool_cavern, library_closet, uniq_nessos
Abyss:3:  hangedman_elemental_corridor
Ossuary:  ossuary_tomb_2
Bailey:   bailey_axe_1, bailey

Skill      XL: |  1  2  3  4  5  6  7  8  9 10 11 12 13 14 15 16 17 |
---------------+----------------------------------------------------+-----
Earth Magic    | 5 6 7 8 9 10 | 10.1
Spellcasting   | 4 5 6 7 8 9 10 11 | 11.4
Dodging        | 4 5 7 8 9 |  9.2
Stealth        | 4 6 8 |  8.0
Conjurations   | 2 5 6 7 8 9 10 | 10.1
Transmutations | 4 7 8 9 10 | 10.0
Invocations    | 5 7 8 9 |  9.2
Fighting       | 5 7 9 |  9.0
Hexes          | 5 7 9 |  9.1
Air Magic      | 4 6 |  6.0
Poison Magic   | 5 6 |  6.6
Necromancy     | 6 8 10 | 10.3
Shields        | 4 |  4.9
Evocations     | 7 9 |  9.0
Summonings     | 8 9 |  9.0

Action                   |  1- 3 |  4- 6 |  7- 9 | 10-12 | 13-15 | 16-18 || total
-------------------------+-------+-------+-------+-------+-------+-------++-------
Melee: Short sword       |    63 |     5 |       |       |       |       ||    68
       Bite              |     6 |     6 |    11 |    18 |    10 |     1 ||    52
       Dagger            |    29 |    42 |       |       |       |       ||    71
       Rapier            |       |       |   142 |   149 |    51 |       ||   342
       Dire flail        |       |       |     9 |       |       |       ||     9
       Staff             |       |       |       |       |     5 |     3 ||     8
 Cast: Sandblast         |    11 |    36 |    11 |    67 |    71 |    26 ||   222
       Stone Arrow       |     2 |    16 |    60 |   133 |   262 |    36 ||   509
       Petrify           |       |       |       |    10 |    10 |     1 ||    21
       Confuse           |       |       |       |    20 |     2 |       ||    22
       Inner Flame       |       |       |       |     2 |       |       ||     2
       Bolt of Draining  |       |       |       |       |   179 |   161 ||   340
       Lee's Rapid Decon |       |       |       |       |    34 |     8 ||    42
       Static Discharge  |       |       |       |       |     2 |       ||     2
       Mephitic Cloud    |       |       |       |       |     1 |     1 ||     2
       Shadow Creatures  |       |       |       |       |       |     1 ||     1
Invok: Recall Ancestor   |       |       |     1 |     4 |     6 |     4 ||    15
       Ancestor Life: Ba |       |       |     1 |       |       |       ||     1
       Ancestor Identity |       |       |       |       |     2 |       ||     2
Evoke: Wand              |       |       |       |     3 |     1 |       ||     4
       Staff of energy   |       |       |       |       |   101 |   136 ||   237
  Use: Potion            |       |       |     2 |     3 |     5 |     3 ||    13
       Scroll            |       |       |     4 |     3 |    19 |     8 ||    34
 Stab: Sleeping          |     9 |     1 |     7 |     6 |     1 |       ||    24
       Distracted        |       |     1 |     1 |     1 |     2 |       ||     5
       Invisible         |       |       |     1 |       |       |       ||     1
       Petrified         |       |       |       |    24 |     2 |       ||    26
       Petrifying        |       |       |       |     6 |       |       ||     6
  Eat: Chunk             |     2 |     7 |     5 |    17 |    47 |    16 ||    94
       Royal jelly       |       |       |     1 |       |     1 |     1 ||     3
       Bread ration      |       |       |     1 |       |     1 |       ||     2
       Fruit             |       |       |       |       |     3 |       ||     3
Armor: Robe              |    16 |    11 |    35 |    75 |    94 |    19 ||   250
Dodge: Dodged            |    77 |    39 |   177 |   201 |   232 |    93 ||   819
Block: Buckler           |       |       |       |       |    10 |    39 ||    49
       Reflection        |       |       |       |       |     3 |     9 ||    12
